 Dungeon Crawl Stone Soup version 0.30-a0-451-ge042605de7 (webtiles) character file.

Game seed: 10138910382570757002

441 kurumiz the Shield-Bearer (level 6, -3/61 HPs)
             Began as a Troll Fighter on Dec 12, 2022.
             Slain by a worm (7 damage)
             ... on level 5 of the Dungeon.
             The game lasted 00:12:35 (3166 turns).

kurumiz the Shield-Bearer (Troll Fighter)           Turns: 3166, Time: 00:12:36

Health: -3/61      AC:  5    Str: 27    XL:     6   Next: 71%
Magic:  14/14      EV:  9    Int:  4    God:
Gold:   237        SH:  0    Dex:  9    Spells: 5/5 levels left

rFire   . . .      SeeInvis .    v - +3 falchion
rCold   . . .      Faith    .    b - +0 kite shield
rNeg    . . .      Spirit   .    a - +0 robe
rPois   .          Reflect  .    (helmet restricted)
rElec   .          Harm     .    A - +0 cloak
rCorr   .          Rampage  .    (gloves unavailable)
Will    .....                    (boots unavailable)
Stlth   +.........               y - amulet of magic regeneration
HPRegen 1.10/turn                h - ring of magical power
MPRegen 0.54/turn                (no ring)

@: confused
A: large, unfitting armour, claws 3, regeneration 1, shaggy fur 1, tough skin 1
a: no special abilities


You were on level 5 of the Dungeon.
You visited 1 branch of the dungeon, and saw 5 of its levels.

You collected 237 gold pieces.

Inventory:

Hand Weapons
 p - a +0 whip of venom
 q - a +3 dagger
 s - a +0 falchion
 v - a +3 falchion (weapon)
 F - a +1 vampiric short sword
 G - a +0 giant club
 H - a +0 trident
Missiles
 D - a boomerang (quivered)
Armour
 a - a +0 robe (worn)
 b - a +0 kite shield (worn)
 r - a +0 chain mail
 w - a +0 leather armour
 A - a +0 cloak (worn)
Jewellery
 h - a ring of magical power (left claw)
 y - an amulet of magic regeneration (around neck)
Wands
 t - a wand of mindburst (9)
 E - a wand of charming (9)
Scrolls
 d - a scroll of enchant armour {unknown}
 e - 2 scrolls of blinking {unknown}
 f - a scroll of fear {unknown}
 g - 2 scrolls of magic mapping {unknown}
 i - 7 scrolls of identify {unknown}
 j - 2 scrolls of fog {unknown}
 k - 3 scrolls of enchant weapon {unknown}
 m - 2 scrolls of teleportation {unknown}
 o - 2 scrolls of silence {unknown}
 z - a scroll of noise {unknown}
 B - a scroll of vulnerability {unknown}
 C - 3 scrolls of torment {unknown}
Potions
 c - 4 potions of might
 l - a potion of flight {unknown}
 n - a potion of haste {unknown}
 u - a potion of attraction {unknown}
 x - a potion of cancellation {unknown}


   Skills:
 + Level 3.2 Fighting
 + Level 2.3 Long Blades
 + Level 1.0 Maces & Flails
 + Level 3.5 Dodging
 + Level 4.0 Shields
 + Level 3.4 Unarmed Combat


You had 5 spell levels left.
You didn't know any spells.
Your spell library contained the following spells:

 Spells                   Type           Power      Damage    Failure   Level
 Magic Dart               Conj           0%         1d3       78%         1
 Searing Ray              Conj           0%         2d4       89%         2
 Hailstorm                Conj/Ice       0%         3d3       98%         3
 Fulminant Prism          Conj/Hex       0%         3d5       100%        4
 Ice Form                 Ice/Tmut       0%         N/A       100%        4
 Simulacrum               Ice/Necr       0%         N/A       100%        6


Dungeon Overview and Level Annotations

Branches:
Dungeon (5/15)
 Temple: D:4-7

Altars:

Annotations:
D:4 Grinder, Sigmund


Innate Abilities, Weirdness & Mutations

You are too large for most types of armour.
You have claws for hands.
Your natural rate of healing is unusually fast.
You are covered in fur. (AC +1)
You have tough skin. (AC +1)


Message History

The iguana is moderately wounded.
You block the iguana's attack. Something hits you.
You hit the iguana.
The iguana is heavily wounded.
Something hits you but does no damage.
The iguana bites you but does no damage.
The worm bites you.
You closely miss the iguana.
The iguana is heavily wounded.
The iguana bites you.
You hear some strange, mumbled words.
Something tries to affect you, but you resist.
The worm bites you. The iguana bites you. Something hits you.
You closely miss the iguana.
The iguana is heavily wounded.
An orc wizard appears from thin air!
Reactivating autopickup.
The iguana hisses menacingly.
The iguana bites you!
* * * LOW HITPOINT WARNING * * *
The orc wizard hits you but does no damage.
The worm barely misses you.
You hit the iguana.
The iguana is severely wounded.
The iguana bites you but does no damage.
The orc wizard hits you with a +0 dagger.
* * * LOW HITPOINT WARNING * * *
You block the worm's attack.
You hit the iguana but do no damage.
The iguana is severely wounded.
You block the iguana's attack. The orc wizard casts a spell at you.
You are confused.
You hit the iguana but do no damage.
The iguana is severely wounded.
The iguana bites you!
* * * LOW HITPOINT WARNING * * *
The orc wizard hits you but does no damage.
The worm bites you!
You die...

#####
#...#
##@o#
#wl##
##..#
#........
##....###
....#
......
......o
.......


You could see a worm, an iguana and an orc wizard.

Vanquished Creatures
  An ogre (D:4)
  A hound (D:4)
  2 orc priests
  3 orc wizards
  A gnoll (D:1)
  6 adders
  2 worms
  7 dart slugs
  18 orcs
  6 ball pythons
  5 endoplasms
  4 giant cockroaches
  4 goblins
  6 hobgoblins
  6 jackals
  7 kobolds
  3 quokkas
  6 bats
  6 frilled lizards
  4 rats
98 creatures vanquished.

Notes
Turn   | Place    | Note
-------+----------+-------------------------------------------
     0 | D:1      | kurumiz the Troll Fighter began the quest for the Orb.
     0 | D:1      | Reached XP level 1. HP: 22/22 MP: 0/0
   107 | D:1      | Reached XP level 2. HP: 29/29 MP: 1/1
   214 | D:1      | Reached skill level 3 in Shields
   331 | D:1      | Reached XP level 3. HP: 35/36 MP: 2/2
   381 | D:1      | Found a faded altar of an unknown god.
   927 | D:2      | Reached XP level 4. HP: 40/44 MP: 3/3
  1739 | D:3      | Reached XP level 5. HP: 36/52 MP: 4/4
  1929 | D:3      | Reached skill level 1 in Maces & Flails
  2604 | D:4      | Noticed Sigmund
  2877 | D:4      | Reached skill level 1 in Long Blades
  2881 | D:4      | Reached XP level 6. HP: 46/59 MP: 5/5
  2963 | D:4      | Reached skill level 4 in Shields
  3090 | D:4      | Noticed Grinder
  3090 | D:4      | Paralysed by Grinder for 2 turns
  3099 | D:4      | Paralysed by Grinder for 5 turns
  3107 | D:4      | Paralysed by Grinder for 3 turns
  3119 | D:5      | Entered Level 5 of the Dungeon
  3166 | D:5      | Slain by a worm

Illustrated notes

Levels and vault maps discovered:
D:1:      dpeg_chamrin_arrival_tetris, layout_basic,
          chequers_ecumenical_altar_simple_redux
D:2:      layout_basic, serial_curves, eino_curves_04, eino_curves_02,
          eino_curves_02
D:3:      layout_rooms
D:4:      layout_basic, minmay_temple_entry_poolview, serial_glass,
          glass_columns_c, glass_columns_c, uniq_sigmund, uniq_grinder
D:5:      layout_cave_pools, kennysheep_flooded_box, minmay_manual_mares

Skill      XL: |  1  2  3  4  5  6 |
---------------+-------------------+-----
Shields        | 3 4 |  4.0
Dodging        | 3 |  3.5
Unarmed Combat | 3 |  3.4
Maces & Flails | 1 |  1.0
Long Blades    | 1 2 |  2.3
Fighting       | 3 |  3.2

Action                   |  1- 3 |  4- 6 || total
-------------------------+-------+-------++-------
Melee: Unarmed           |    93 |    44 ||   137
       Whip              |       |    59 ||    59
       Falchion          |       |   143 ||   143
Armor: Robe              |    34 |    87 ||   121
Dodge: Dodged            |    40 |   115 ||   155
Block: Kite shield       |    40 |   112 ||   152

Table legend: (Time is in decaauts)
 A = Elapsed time spent in this place.
 B = Non-inter-level travel time spent in this place.
 C = Inter-level travel time spent in this place.
 D = Time resting spent in this place.
 E = Time spent auto-exploring this place.
 F = Levels seen in this place.
 G = Mean time per level.
                   A        B        C        D        E       F      G
               +--------+--------+--------+--------+--------+-----+--------+
         Total |   3258 |   2404 |    854 |      0 |   1387 |   5 |  651.6 |
       Dungeon |   3258 |   2404 |    854 |      0 |   1387 |   5 |  651.6 |
               +--------+--------+--------+--------+--------+-----+--------+

Top non-repeatable levels by time:
     D:2: 1278 daAuts
     D:3: 906 daAuts
     D:1: 593 daAuts
     D:4: 420 daAuts
     D:5: 59 daAuts
